 Dungeon Crawl Stone Soup version 0.28.0 (webtiles) character file.

Game seed: 13746489642631645036

49 kiwiEater56 the Carver (level 3, -4/28 (31) HPs)
             Began as a Gnoll Wanderer on Feb 9, 2022.
             Slain by an ogre (19 damage)
             ... on level 2 of the Dungeon.
             The game lasted 00:03:33 (1025 turns).

kiwiEater56 the Carver (Gnoll Wanderer)             Turns: 1025, Time: 00:03:34

HP:   -4/28 (31)    AC:  4    Str: 12    XL:     3   Next: 75%
MP:   4/4           EV: 12    Int:  8    God:
Gold: 49            SH:  0    Dex: 15    Spells: 3/3 levels left

rFire   . . .      SeeInvis .   a - +2 falchion
rCold   . . .      Faith    .   (no shield)
rNeg    . . .      Spirit   .   e - +0 leather armour
rPois   .          Reflect  .   d - +0 helmet
rElec   .          Harm     .   (no cloak)
rCorr   .          Rampage  .   (no gloves)
Will    .....                   (no boots)
Stlth   +.........              (no amulet)
HPRegen 0.09/turn               (no ring)
MPRegen 0.09/turn               (no ring)

@: drained
A: fangs 1, strong nose, distributed training
a: no special abilities


You were on level 2 of the Dungeon.
You visited 1 branch of the dungeon, and saw 2 of its levels.

You collected 49 gold pieces.

Inventory:

Hand Weapons
 a - a +2 falchion (weapon)
 b - a +0 hunting sling
 m - a +2 whip of draining
Missiles
 c - 34 sling bullets
 k - 11 stones (quivered)
Armour
 d - a +0 helmet (worn)
 e - a +0 leather armour (worn)
Jewellery
 j - a ring of protection from cold
Scrolls
 g - a scroll of enchant armour {unknown}
 l - a scroll of magic mapping {unknown}
Potions
 f - 2 potions of haste {unknown}
 h - a potion of flight {unknown}
 i - a potion of curing {unknown}
 n - a potion of ambrosia {unknown}


   Skills:
 + Level 4.5 Fighting
 + Level 0.9 Short Blades
 + Level 8.5 Long Blades
 + Level 0.9 Axes
 + Level 0.9 Maces & Flails
 + Level 0.9 Polearms
 + Level 0.9 Staves
 + Level 6.5 Slings
 + Level 0.9 Bows
 + Level 0.9 Crossbows
 + Level 0.9 Throwing
 + Level 0.9 Armour
 + Level 2.6 Dodging
 + Level 0.9 Stealth
 + Level 0.9 Shields
 + Level 0.9 Unarmed Combat
 + Level 0.9 Spellcasting
 + Level 0.6 Conjurations
 + Level 0.6 Hexes
 + Level 0.6 Summonings
 + Level 0.6 Necromancy
 + Level 0.6 Translocations
 + Level 0.6 Transmutations
 + Level 0.6 Fire Magic
 + Level 0.6 Ice Magic
 + Level 0.6 Air Magic
 + Level 0.6 Earth Magic
 + Level 0.6 Poison Magic
 + Level 1.0 Invocations
 + Level 0.9 Evocations


You had 3 spell levels left.
You didn't know any spells.
Your spell library contained the following spells:

 Spells                   Type           Power      Damage    Failure   Level
 Fireball                 Conj/Fire      0%         3d3       100%        5
 Iskenderun's Battlesphe  Conj           1%         2d6       100%        5
 Conjure Ball Lightning   Conj/Air       0%         3x3d6     100%        6
 Orb of Destruction       Conj           0%         9d5       100%        7


Dungeon Overview and Level Annotations

Branches:
Dungeon (2/15)

Altars:
Ashenzari


Innate Abilities, Weirdness & Mutations

You have very sharp teeth.
Your uncanny sense of smell can sniff out nearby items.
Your experience applies equally to all skills.


Message History

No target in view!
No target in view!
No target in view!
No target in view!
HP restored.
You pick up a book of the Spheres and begin reading...
You add the spells Iskenderun's Battlesphere, Fireball, Conjure Ball Lightning and Orb of Destruction to your library.
No target in view!
A goblin comes into view. It is wielding a +0 dagger.
The goblin shouts!
You hear a shout!
The goblin moves out of view.
Found a stone staircase leading up.
A bat comes into view.
A ball python comes into view.
Found a shiny silver wand.
The ball python hisses angrily.
A worm comes into view.
A kobold, a rat and an ogre come into view.
The kobold shouts!
The ogre shouts!
A rat comes into view.
You closely miss the kobold. Your bite misses the kobold.
The kobold closely misses you.
You slash the kobold!
You kill the kobold!
You closely miss the ball python. The ball python barely misses you.
The ball python grabs you. The ball python constricts you.
You completely miss the ball python. The ball python bites you.
The ball python constricts you.
You slash the ball python!
You kill the ball python!
Found a viscous golden potion.
The rat bites you but does no damage. The ogre hits you with a +0 giant club!
Things that are here:
a +0 club; 4 stones You slash the ogre!
The ogre is moderately wounded.
The rat barely misses you.
The ogre hits you with a +0 giant club!!
Ouch! That really hurt!
You die...

.. .. .. ##. #.#.#
.... #...##.<..#
#../...#.##..#.#
!..#.#.......###
w....##......#
#.#.##r#.##......#
......O@.........#
#.##.###.##......#
.....r..........#
#.###.####......#
#### #.####......#
#...
.............#
#.##
#####.#......##
#.#.
#.........###.#.
######.....##.#.


You could see an ogre, a worm and a rat.

Vanquished Creatures
  A gnoll (D:1)
  4 ball pythons
  6 endoplasms (D:1)
  A giant cockroach (D:2)
  2 hobgoblins (D:1)
  4 jackals (D:1)
  A quokka (D:1)
  3 bats (D:1)
  3 frilled lizards (D:1)
  6 kobolds
  7 rats (D:1)
38 creatures vanquished.

Notes
Turn   | Place    | Note
-------+----------+-------------------------------------------
     0 | D:1      | kiwiEater56 the Gnoll Wanderer began the quest for the Orb.
     0 | D:1      | kiwiEater56 set off with the following items: a +2
                  | falchion, a +0 hunting sling, 18 sling bullets, a +0
                  | helmet, a +0 leather armour
     0 | D:1      | Reached XP level 1. HP: 20/20 MP: 1/1
   125 | D:1      | Reached XP level 2. HP: 23/26 MP: 2/2
   292 | D:1      | Reached XP level 3. HP: 31/31 MP: 3/3
   511 | D:1      | Reached skill level 1 in Invocations
   943 | D:2      | Found a broken altar of Ashenzari.
  1017 | D:2      | Noticed an ogre
  1025 | D:2      | Slain by an ogre

Illustrated notes

Levels and vault maps discovered:
D:1:      onia_arrival_handbag, layout_rooms, minmay_pentomino_r4
D:2:      layout_basic, serial_shops, nicolae_shop_advertising_works
          [nicolae_subvault_shop_adworks], basic_altar, st_stairs_5,
          hangedman_decor_riveting, minmay_diced_spiral

Skill      XL: |  1  2  3 |
---------------+----------+-----
Invocations    | 1 |  1.0
Fighting       | |  4.5
Short Blades   | |  0.9
Long Blades    | |  8.5
Axes           | |  0.9
Maces & Flails | |  0.9
Polearms       | |  0.9
Staves         | |  0.9
Slings         | |  6.5
Bows           | |  0.9
Crossbows      | |  0.9
Throwing       | |  0.9
Armour         | |  0.9
Dodging        | |  2.6
Stealth        | |  0.9
Shields        | |  0.9
Unarmed Combat | |  0.9
Spellcasting   | |  0.9
Conjurations   | |  0.6
Hexes          | |  0.6
Summonings     | |  0.6
Necromancy     | |  0.6
Translocations | |  0.6
Transmutations | |  0.6
Fire Magic     | |  0.6
Ice Magic      | |  0.6
Air Magic      | |  0.6
Earth Magic    | |  0.6
Poison Magic   | |  0.6
Evocations     | |  0.9

Action                   || total
-------------------------++-------
Melee: Falchion          ||    79
       Bite              ||     3
 Stab: Distracted        ||     1
       Sleeping          ||     1
Armor: Leather armour    ||    19
Dodge: Dodged            ||    50
